 Dungeon Crawl Stone Soup version 0.31-a0-523-g071a6c1ffa (webtiles) character file.

Game seed: 3974000208875616192

21 Ofeo the Shooter (level 2, 25/25 HPs)
             Began as a Draconian Hunter on Aug 11, 2023.
             Was a Follower of Vehumet.
             Quit the game on level 1 of the Dungeon.
             The game lasted 00:00:31 (1137 turns).

Ofeo the Shooter (Draconian Hunter)                 Turns: 1137, Time: 00:00:32

Health: 25/25      AC:  4    Str: 13    XL:     2   Next: 62%
Magic:  2/2        EV: 12    Int:  9    God:    Vehumet [*.....]
Gold:   59         SH:  0    Dex: 14    Spells: 1/1 levels left

rFire   . . .        a - +0 shortbow
rCold   . . .        (shield currently unavailable)
rNeg    . . .        (body armour unavailable)
rPois   .            (helmet restricted)
rElec   .            (no cloak)
rCorr   .            (no gloves)
SInv    .            (no boots)
Will    .....        (no amulet)
Stlth   ++           (no ring)
HPRegen 0.24/turn    (no ring)
MPRegen 0.08/turn

%: no passive effects
@: no status effects
A: AC +4, unfitting armour, cold-blooded
a: Renounce Religion


You were on level 1 of the Dungeon.
You worshipped Vehumet.
Vehumet was aware of your devotion.
You visited 1 branch of the dungeon, and saw 1 of its levels.

You collected 59 gold pieces.

Inventory:

Hand Weapons
 a - a +0 shortbow (weapon)
Scrolls
 b - a scroll of butterflies
 d - 2 scrolls of teleportation {unknown}
 g - a scroll of amnesia {unknown}
 h - a scroll of enchant weapon {unknown}
Potions
 c - a potion of ambrosia {unknown}
 e - a potion of mutation {unknown}
 f - a potion of heal wounds {unknown}


   Skills:
 + Level 2.6 Fighting
 + Level 3.8 Ranged Weapons
 + Level 2.1 Dodging
 + Level 1.4 Stealth


You had one spell level left.
You didn't know any spells.
Your spell library contained the following spells:

 Spells                   Type           Power      Damage    Failure   Level
 Sandblast                Erth           0%         2d4       38%         1
 Animate Dead             Necr           0%         N/A       99%         4
 Borgnjor's Vile Clutch   Necr/Erth      0%         N/A       100%        5
 Death Channel            Necr           0%         N/A       100%        6


Dungeon Overview and Level Annotations

Branches:
Dungeon (1/15)

Altars:
Vehumet


Innate Abilities, Weirdness & Mutations

Your plain brown scales are hard. (AC +4)
You cannot fit into any form of body armour.
You are cold-blooded and may be slowed by cold attacks.


Message History

The arrow hits the dart slug but does no damage.
The dart slug is heavily wounded.
The dart slug launches a dart at you. The slug dart misses you.
Health restored: 25 You shoot an arrow.
The arrow hits the dart slug.
The dart slug is severely wounded.
The dart slug launches a dart at you. The slug dart hits you.
You take 2 damage, and have 23/25 hp.
A dart slug is nearby!
You shoot an arrow.
The arrow hits the dart slug but does no damage.
The dart slug is severely wounded.
The dart slug launches a dart at you. The slug dart hits you.
You take 3 damage, and have 20/25 hp.
A dart slug is nearby!
You shoot an arrow. The arrow hits the dart slug.
You kill the dart slug!
h - a scroll labelled PEGGAK WASSOEH Health restored: 25 No target in view!
As you open the door, it creaks loudly!
No target in view!
There is an open door here.
Done exploring.
Done exploring.
No target in view!
Done exploring.
No target in view!
Done exploring.
Search for what [? for help]? .
There is a faded altar of an unknown god here.
This altar belongs to (a) the Shining One, (b) Okawaru or (c) Vehumet, but you can't tell which.
Press the corresponding letter to learn more about a god, or press enter to convert or escape to cancel.
Vehumet accepts your prayer! Vehumet welcomes you!
You can now gain magical power from killing.
Vehumet offers you knowledge of Sandblast.
Are you sure you want to abandon this character and quit the game? (Confirm with "yes".)

##...## #.# #.#
########.###.######.## #.#
#........# #....#....# #.#
......##.####..###..#####.#
#.###.##...#..## ##..#.##.###
#.# #.#........###..........#
..# #.##....#...#...#.....#.#
#####.###.####.....###.####.#
......# #.# ##.@.## ##.# #.#
####### #.####.....####.# #.#
##+#.#...#...#.#.# #.#
##.......###....#.###.# #
##....#..## ##..#......# ##
##....###..# #..###.#####
.####......#..####...##.#
....'.........'.......#>#
.####.........####...##.#


There were no monsters in sight!

Vanquished Creatures
  A dart slug (D:1)
  2 ball pythons (D:1)
  An endoplasm (D:1)
  A giant cockroach (D:1)
  A goblin (D:1)
  3 hobgoblins (D:1)
  A kobold (D:1)
  A quokka (D:1)
  A bat (D:1)
  A frilled lizard (D:1)
  4 rats (D:1)
17 creatures vanquished.

Notes
Turn   | Place    | Note
-------+----------+-------------------------------------------
     0 | D:1      | Ofeo the Draconian Hunter began the quest for the Orb.
     0 | D:1      | Reached XP level 1. HP: 17/17 MP: 1/1
   244 | D:1      | Reached skill level 1 in Stealth
   445 | D:1      | Reached XP level 2. HP: 22/25 MP: 2/2
   473 | D:1      | Found a faded altar of an unknown god.
  1136 | D:1      | Prayed at the altar of an unknown god.
  1136 | D:1      | Became a worshipper of Vehumet
  1136 | D:1      | Reached * piety under Vehumet
  1136 | D:1      | Offered knowledge of Sandblast by Vehumet.
  1137 | D:1      | Quit the game

Illustrated notes

Levels and vault maps discovered:
D:1:      roderic_crossed_star, layout_loops_corners,
          nicolae_ecumenical_snake_handling, minmay_pentomino_z2

Skill      XL: |  1 |
---------------+----+-----
Stealth        | 1 |  1.4
Dodging        | 2 |  2.1
Fighting       | |  2.6
Ranged Weapons | |  3.8

Action                     || total
---------------------------++-------
   Fire: Shortbow          ||    50
 Armour: Skin              ||     6
  Dodge: Dodged            ||     6

Table legend: (Time is in decaauts)
 A = Elapsed time spent in this place.
 B = Non-inter-level travel time spent in this place.
 C = Inter-level travel time spent in this place.
 D = Time resting spent in this place.
 E = Time spent auto-exploring this place.
 F = Levels seen in this place.
 G = Mean time per level.
                   A        B        C        D        E       F      G
               +--------+--------+--------+--------+--------+-----+--------+
         Total |   1148 |   1138 |     10 |      0 |   1046 |   1 | 1148.0 |
       Dungeon |   1148 |   1138 |     10 |      0 |   1046 |   1 | 1148.0 |
               +--------+--------+--------+--------+--------+-----+--------+

Top non-repeatable levels by time:
     D:1: 1148 daAuts
